 Dungeon Crawl Stone Soup version 0.26-a0-752-gcff87cac9a (webtiles) character file.

Game seed: 366716843809018491

138378 Gargoyl the Carver (level 17, -3/135 HPs)
             Began as a Gnoll Abyssal Knight on Nov 6, 2020.
             Was the Champion of Lugonu.
             Killed by the air
             ... invoked by a blizzard demon
              (29 damage)
             ... in an ice cave.
             The game lasted 00:54:04 (30929 turns).

Gargoyl the Carver (Gnoll Abyssal Knight)          Turns: 30929, Time: 00:54:04

Health: -3/135     AC: 33    Str: 37    XL:     17   Next: 26%
Magic:  32/32      EV: 16    Int:  7    God:    Lugonu [******]
Gold:   2174       SH: 21    Dex: 19    Spells: 38/38 levels left

rFire    + + .     SeeInvis .   E - +6 war axe of Instinct {vorpal, Str+2}
rCold    + . .     Faith    .   L - +1 kite shield {rF+}
rNeg     . . .     Spirit   .   m - +0 crystal plate armour
rPois    .         Reflect  +   R - +1 helmet
rElec    +         Harm     .   H - +2 cloak
rCorr    .         Rampage  .   n - +1 pair of gloves
MR       +....                  f - +2 pair of boots {Fly}
Stlth    ..........             M - amulet of reflection
HPRegen  0.32/turn              V - ring of Benevolence {rElec rF+ Str+6 Int-5 Dex+3}
MPRegen  0.23/turn              K - ring "Fuomun" {rC+ Str+7 Int-5 Dex+2}

@: about to teleport, flying, studying Long Blades
A: distributed training, fangs 1, repulsion field 1, clever 1, strong nose
a: Depart the Abyss, Bend Space, Banish, Corrupt, Enter the Abyss, Brand Weapon
With Distortion, Renounce Religion, Stop Flying


You were in an ice cave.
You worshipped Lugonu.
Lugonu was exalted by your worship.
You visited 4 branches of the dungeon, and saw 24 of its levels.
You visited the Abyss 1 time.
You also visited: Gauntlet, Ice Cave and Volcano.

You collected 3141 gold pieces.
You spent 967 gold pieces at shops.

Inventory:

Hand Weapons
 a - a +1 hand axe
 e - a +3 broad axe of flaming
 q - a +2 war axe of protection
 B - a +5 vampiric war axe
 E - the +6 war axe of Instinct (weapon) {vorpal, Str+2}
   (You found it on level 13 of the Dungeon)

   It inflicts extra damage upon your enemies.
   It affects your strength (+2).
Missiles
 l - 87 poisoned darts (quivered)
Armour
 f - a +2 pair of boots of flying (worn)
 m - a +0 crystal plate armour (worn)
 n - a +1 pair of gloves (worn)
 H - a +2 cloak (worn)
 L - a +1 kite shield of fire resistance (worn)
 R - a +1 helmet (worn)
 Z - a +2 plate armour of fire resistance
Jewellery
 g - an uncursed ring of see invisible
 y - an uncursed ring of poison resistance
 z - an uncursed amulet of regeneration
 D - a +6 ring of strength
 K - the ring "Fuomun" (right hand) {rC+ Str+7 Int-5 Dex+2}
   (You took it off an orc warrior on level 10 of the Dungeon)

   [ring of protection from cold]

   It affects your strength (+7).
   It affects your intelligence (-5).
   It affects your dexterity (+2).
   It protects you from cold.
 M - an amulet of reflection (around neck)
 N - an uncursed ring of resist corrosion
 V - the ring of Benevolence (left hand) {rElec rF+ Str+6 Int-5 Dex+3}
   (You took it off a centaur on level 14 of the Dungeon)

   [ring of strength]

   It affects your strength (+6).
   It affects your intelligence (-5).
   It affects your dexterity (+3).
   It protects you from fire.
   It insulates you from electricity.
 W - an uncursed ring of protection from magic
Wands
 k - a wand of flame (14)
 I - a wand of digging (15)
Scrolls
 d - 7 scrolls of remove curse
 p - a scroll of silence
 r - 4 scrolls of blinking
 t - 10 scrolls of teleportation
 u - 2 scrolls of fear
 v - a scroll of magic mapping
 x - a scroll of identify
 Y - a scroll of summoning
Potions
 b - 2 potions of cancellation
 c - 2 potions of might
 h - 2 potions of mutation
 i - 6 potions of curing
 j - 3 potions of berserk rage
 o - 2 potions of invisibility
 s - 6 potions of haste
 w - 8 potions of brilliance
 A - 3 potions of resistance
 J - 10 potions of heal wounds
 T - 2 potions of flight
 U - 5 potions of ambrosia {unknown}
Books
 Q - a manual of Long Blades


   Skills:
 + Level 12.9 Fighting
 + Level 11.4 Short Blades
 + Level 14.0 Long Blades
 + Level 12.1 Axes
 + Level 11.4 Maces & Flails
 + Level 11.4 Polearms
 + Level 11.4 Staves
 + Level 11.4 Slings
 + Level 11.4 Bows
 + Level 11.4 Crossbows
 + Level 11.4 Throwing
 + Level 12.1 Armour
 + Level 11.6 Dodging
 + Level 11.4 Stealth
 + Level 11.4 Shields
 + Level 11.4 Unarmed Combat
 + Level 11.4 Spellcasting
 + Level 9.7 Conjurations
 + Level 9.7 Hexes
 + Level 9.7 Summonings
 + Level 9.7 Necromancy
 + Level 9.7 Translocations
 + Level 9.7 Transmutations
 + Level 9.7 Fire Magic
 + Level 9.7 Ice Magic
 + Level 9.7 Air Magic
 + Level 9.7 Earth Magic
 + Level 9.7 Poison Magic
 + Level 13.0 Invocations
 + Level 11.4 Evocations


You had 38 spell levels left.
You didn't know any spells.
Your spell library contained the following spells:

 Spells                   Type           Power        Failure   Level
 Apportation              Tloc           ###...       5%          1
 Magic Dart               Conj           ###.         5%          1
 Sting                    Tmut/Pois      ###.         5%          1
 Blink                    Tloc           N/A          8%          2
 Call Imp                 Summ           ###.....     8%          2
 Ensorcelled Hibernation  Hex/Ice        ###...       8%          2
 Poisonous Vapours        Pois/Air       ###...       8%          2
 Slow                     Hex            ###.....     8%          2
 Conjure Flame            Conj/Fire      ###.....     16%         3
 Ignite Poison            Fire/Tmut/Pois ###.....     16%         3
 Lesser Beckoning         Tloc           ###.......   16%         3
 Mephitic Cloud           Conj/Pois/Air  ###.....     16%         3
 Tukima's Dance           Hex            ###.....     16%         3
 Olgreb's Toxic Radiance  Pois           ###.....     45%         4
 Alistair's Intoxication  Tmut/Pois      ###......    82%         5
 Borgnjor's Vile Clutch   Necr/Erth      ###.......   82%         5
 Silence                  Hex/Air        ###.......   82%         5
 Summon Demon             Summ           ###.......   82%         5
 Summon Forest            Summ/Tloc      ###.......   82%         5
 Summon Mana Viper        Hex/Summ       ###.....     82%         5
 Invisibility             Hex            ###.....     100%        6
 Shadow Creatures         Summ           N/A          100%        6
 Summon Hydra             Summ           ###.......   100%        7


Dungeon Overview and Level Annotations

Branches:
Dungeon (15/15)            Temple (0/1) D:6            Lair (6/6) D:9
  Swamp (0/4) Lair:4        Snake (1/4) Lair:3        Slime (0/5) Lair:5
    Orc (2/2) D:9             Elf (0/3) Orc:2        Vaults (0/5) D:14
 Depths (0/5) D:15          IceCv (1/1)             Volcano (visited)
Gauntlet (visited)

Altars:
Ashenzari
Cheibriados
Elyvilon
Fedhas
Gozag
Hepliaklqana
Kikubaaqudgha
Makhleb
Nemelex Xobeh
Okawaru
Qazlal
Ru
Uskayaw
Vehumet
Xom
Jiyva

Shops:
D:6 (=   D:7 [=}=   D:13 *(*(}   Orc:1 [[   Orc:2 :((!

Annotations:
Lair:2 2 transporters, Riddle's ghost, journeyman VSFi
Lair:3 exclusion: 4 oklob plants
Lair:5 1 runed translucent door
Lair:6 3 runed translucent doors, Riddle's ghost, journeyman FoFi


Innate Abilities, Weirdness & Mutations

Your experience applies equally to all skills.
You have very sharp teeth.
Your uncanny sense of smell can sniff out nearby items.
You are surrounded by a mild repulsion field. (EV +2)
Your mind is acute. (Int +2)


Message History

You slice the swamp dragon simulacrum!!
The swamp dragon simulacrum vapourises!
Lugonu accepts your kill.
The blizzard demon is engulfed in freezing vapours.
The blizzard demon gestures at you. The bolt of lightning hits you! You resist.
The bolt of lightning hits you. You resist.
* * * LOW HITPOINT WARNING * * *
The blizzard demon is engulfed in freezing vapours.
You slash the swamp dragon simulacrum! You bite the swamp dragon simulacrum.
The swamp dragon simulacrum is severely damaged.
You hit the blizzard demon but do no damage.
The blizzard demon gestures at you.
The bolt of cold hits the blizzard demon!
The blizzard demon resists.
The bolt of cold hits you! You resist.
* * * LOW HITPOINT WARNING * * *
The blizzard demon is engulfed in freezing vapours.
The blizzard demon waves its arms in wide circles.
The air twists around and violently strikes you in flight!!
You die...

##§##○.## ##..#
##.##.## #....
#.##..# #....#
##.##.## #.....
#.###..##
......#
##.###.○○##
...2Z
#.##.☼#.☼○#
#°2###.###.#§.§#
∆
#Z@##.#≈.###.☼#
∆∆∆ ##°°°.#≈##
#..# ∆∆∆
##°##≈≈#≈ ##.# ∆
###≈≈≈≈≈≈##.# ∆
#≈≈≈≈≈##.##
≈≈≈≈≈≈≈#.#
≈≈≈≈≈≈≈≈≈##
≈≈≈≈≈≈≈≈≈≈##
#≈≈≈≈≈#≈≈#


You could see 2 blizzard demons, a polar bear simulacrum and a swamp dragon
simulacrum.

Vanquished Creatures
  A fire giant (D:15)
  The ghost of RaHiT the Martial Artist, a journeyman DsCK of Xom (D:14)
  A dire elephant (Gauntlet)
  An ogre mage (D:15)
  2 catoblepae
  2 naga warriors (Snake:1)
  8 centaur warriors
  2 dancing weapons (D:14)
  A queen ant (Gauntlet)
  7 two-headed ogres
  7 death yaks
  2 tengu warriors (D:14)
  2 thrashing horrors (Gauntlet)
  A hell knight (Volcano)
  A shock serpent (Snake:1)
  4 unseen horrors
  An orange crystal statue (Gauntlet)
  A wizard (D:15)
  A naga ritualist (Snake:1)
  A glowing orange brain (shapeshifter) (D:15)
  An obsidian statue (Volcano)
  A bog body (Lair:4)
  7 orc knights
  An orc sorcerer (Orc:1)
  3 mana vipers (Snake:1)
  19 ugly things
  4 cyclopes
  4 deep elf magi
  A salamander (Snake:1)
  3 manticores
  An ice statue (IceCv)
  22 elephants
  8 black mambas
  2 gargoyles
  3 naga magi (Snake:1)
  A cane toad (shapeshifter) (D:13)
  19 cane toads
  3 rime drakes
  Maggie (D:6)
  8 komodo dragons
  4 ice devils (IceCv)
  An efreet (D:14)
  9 freezing wraiths
  A yaktaur (Volcano)
  A golden dragon simulacrum (IceCv)
  2 queen bees (Lair:3)
  3 anaconda simulacra (IceCv)
  A meliai (shapeshifter) (D:9)
  4 trolls
  2 polar bears (Lair:5)
  3 hornets
  41 blink frogs
  4 tyrant leeches (Lair:6)
  6 slime creatures (D:14)
  12 dream sheep (Lair:5)
  A meliai zombie (D:15)
  A shadow (D:9)
  A wraith (D:13)
  6 wyverns
  54 yaks
  A dire elephant simulacrum (IceCv)
  11 fire bats
  5 basilisks
  2 vampires (D:11)
  20 vampire mosquitoes
  2 nagas (Snake:1)
  2 harpy simulacra (IceCv)
  An acid dragon (D:15)
  6 wargs
  5 soldier ants (Gauntlet)
  2 iron troll simulacra (IceCv)
  13 water moccasins
  3 hydra simulacra (IceCv)
  34 orc warriors
  7 ice beasts
  22 ogres
  3 ettin simulacra (IceCv)
  5 phantoms
  7 sky beasts
  An alligator simulacrum (IceCv)
  25 centaurs
  16 wolves
  2 big kobolds
  33 bullfrogs
  A gnoll sergeant (D:8)
  A water moccasin skeleton (D:7)
  10 scorpions
  A troll zombie (D:9)
  A swamp dragon simulacrum (IceCv)
  88 killer bees
  A vampire bat (Lair:1)
  2 electric eels
  4 howler monkeys
  7 lava snakes (Volcano)
  5 centaur zombies
  4 draconian simulacra (IceCv)
  8 hounds
  14 orc priests
  5 jellies
  A bullfrog zombie (D:11)
  2 bullfrog skeletons (D:8)
  2 centaur skeletons
  Natasha (thrice) (D:4)
  6 iguanas
  22 orc wizards
  11 worker ants
  6 troll simulacra (IceCv)
  2 small abominations (Gauntlet)
  5 ogre zombies (D:9)
  A hound zombie (D:7)
  2 hound skeletons
  8 adders
  5 gnolls (D:8)
  5 naga simulacra (IceCv)
  2 ogre simulacra (IceCv)
  2 river rats
  3 shadow imps
  8 white imps
  7 ufetubi
  An adder zombie (D:9)
  4 adder skeletons
  2 worms
  2 dart slugs
  4 leopard geckos
  98 orcs
  3 ball pythons
  12 bats
  6 giant cockroaches
  3 goblins
  5 hobgoblins
  11 jackals
  14 kobolds
  7 quokkas
  6 frilled lizards
  A goblin skeleton (D:9)
  2 goblin zombies (D:9)
  A hobgoblin skeleton (D:9)
  3 hobgoblin zombies (D:9)
  A leopard gecko skeleton (D:4)
  2 leopard gecko zombies
  An orc skeleton (D:9)
  11 orc zombies (D:9)
  4 rats
1003 creatures vanquished.

Vanquished Creatures (collateral kills)
  An adder (D:7)
1 creature vanquished.

Vanquished Creatures (others)
  A minotaur (Gauntlet)
  A blizzard demon (Gauntlet)
  An orange crystal statue (Gauntlet)
  A centaur (Orc:2)
  2 ufetubi (IceCv)
  23 demonic plants (Gauntlet)
  55 fungi
  127 plants
  2 starspawn tentacles (Gauntlet)
213 creatures vanquished.

Grand Total: 1217 creatures vanquished

Notes
Turn   | Place    | Note
-------+----------+-------------------------------------------
     0 | Abyss:1  | Gargoyl the Gnoll Abyssal Knight began the quest for the
                  | Orb.
     0 | Abyss:1  | Reached XP level 1. HP: 23/23 MP: 3/3
    85 | Abyss:3  | Noticed an elephant
   102 | Abyss:3  | Noticed a blink frog
   104 | Abyss:3  | Noticed a blink frog
   109 | Abyss:3  | Noticed a blink frog
   116 | Abyss:3  | Noticed an apocalypse crab
   121 | Abyss:3  | Noticed a wight
   121 | Abyss:3  | Noticed a wight
   121 | Abyss:3  | Noticed a wight
   121 | Abyss:3  | Noticed a wight
   134 | D:1      | Escaped the Abyss
   525 | D:1      | Reached XP level 2. HP: 28/29 MP: 5/5
   586 | D:1      | Reached * piety under Lugonu
   807 | D:1      | Reached XP level 3. HP: 34/35 MP: 6/6
  1214 | D:2      | Found an opulent altar of Gozag.
  1285 | D:2      | Reached skill level 1 in Short Blades
  1285 | D:2      | Reached skill level 1 in Long Blades
  1285 | D:2      | Reached skill level 1 in Maces & Flails
  1285 | D:2      | Reached skill level 1 in Polearms
  1285 | D:2      | Reached skill level 1 in Staves
  1285 | D:2      | Reached skill level 1 in Slings
  1285 | D:2      | Reached skill level 1 in Bows
  1285 | D:2      | Reached skill level 1 in Crossbows
  1285 | D:2      | Reached skill level 1 in Throwing
  1285 | D:2      | Reached skill level 1 in Stealth
  1285 | D:2      | Reached skill level 1 in Shields
  1285 | D:2      | Reached skill level 1 in Unarmed Combat
  1285 | D:2      | Reached skill level 1 in Spellcasting
  1285 | D:2      | Reached skill level 1 in Evocations
  1303 | D:2      | Reached XP level 4. HP: 41/41 MP: 7/7
  1386 | D:2      | Reached ** piety under Lugonu
  1454 | D:2      | Found a blossoming altar of Fedhas.
  1632 | D:3      | Gained mutation: Scrolls take you a little longer to read.
                  | [potion of mutation]
  1632 | D:3      | Gained mutation: You are surrounded by a mild repulsion
                  | field. (EV +2) [potion of mutation]
  1632 | D:3      | Lost mutation: Scrolls take you a little longer to read.
                  | [potion of mutation]
  1632 | D:3      | Gained mutation: Your mind is acute. (Int +2) [potion of
                  | mutation]
  2166 | D:3      | Found a sacrificial altar of Ru.
  2273 | D:4      | Found a broken altar of Ashenzari.
  2274 | D:4      | Noticed a phantom
  2274 | D:4      | Noticed an ogre
  2277 | D:4      | Noticed Natasha
  2286 | D:4      | Killed an ogre
  2286 | D:4      | Reached skill level 1 in Conjurations
  2286 | D:4      | Reached skill level 1 in Hexes
  2286 | D:4      | Reached skill level 1 in Summonings
  2286 | D:4      | Reached skill level 1 in Necromancy
  2286 | D:4      | Reached skill level 1 in Translocations
  2286 | D:4      | Reached skill level 1 in Transmutations
  2286 | D:4      | Reached skill level 1 in Fire Magic
  2286 | D:4      | Reached skill level 1 in Ice Magic
  2286 | D:4      | Reached skill level 1 in Air Magic
  2286 | D:4      | Reached skill level 1 in Earth Magic
  2286 | D:4      | Reached skill level 1 in Poison Magic
  2286 | D:4      | Reached XP level 5. HP: 25/47 MP: 8/8
  2295 | D:4      | Killed Natasha
  2590 | D:4      | Killed a phantom
  2590 | D:4      | Reached skill level 5 in Invocations
  2590 | D:4      | Reached XP level 6. HP: 53/53 MP: 9/9
  2652 | D:4      | Reached skill level 5 in Axes
  2652 | D:4      | Reached skill level 5 in Armour
  2653 | D:4      | Reached skill level 2 in Long Blades
  2707 | D:4      | Noticed a phantom
  2714 | D:4      | Noticed Natasha
  2721 | D:4      | Killed Natasha
  2721 | D:4      | Reached XP level 7. HP: 38/59 MP: 10/10
  2728 | D:4      | Noticed Natasha
  2738 | D:4      | Killed Natasha
  3028 | D:4      | Found a shimmering altar of Xom.
  3165 | D:4      | Found a hazy altar of Hepliaklqana.
  3265 | D:4      | Reached XP level 8. HP: 46/67 MP: 12/12
  3497 | D:4      | Found a sparkling altar of Nemelex Xobeh.
  3681 | D:5      | Entered Level 5 of the Dungeon
  3690 | D:5      | Reached skill level 3 in Long Blades
  3787 | D:5      | Reached *** piety under Lugonu
  4381 | D:6      | Found a stormy altar of Qazlal.
  4419 | D:6      | Found a staircase to the Ecumenical Temple.
  4506 | D:6      | Found a snail-covered altar of Cheibriados.
  4560 | D:6      | Found a blossoming altar of Fedhas.
  4767 | D:6      | Found Gaituim's Jewellery Emporium.
  4780 | D:6      | Bought an uncursed amulet of regeneration for 300 gold
                  | pieces
  4791 | D:6      | Noticed Maggie
  4819 | D:6      | Killed Maggie
  4985 | D:6      | Found a blossoming altar of Fedhas.
  4992 | D:6      | Noticed a wyvern
  5010 | D:6      | Killed a wyvern
  5010 | D:6      | Reached XP level 9. HP: 7/73 MP: 14/14
  5404 | D:6      | Found an iron altar of Okawaru.
  5415 | D:6      | Found a white marble altar of Elyvilon.
  5442 | D:6      | Found Juri's Antique Weapon Shop.
  5632 | D:7      | Reached skill level 4 in Long Blades
  5780 | D:7      | Found Eforphui's Armour Shop.
  5828 | D:7      | Bought a cursed +0 cloak for 42 gold pieces
  5874 | D:7      | Found Xinun's Jewellery Shoppe.
  5917 | D:7      | Reached **** piety under Lugonu
  5917 | D:7      | Reached skill level 5 in Dodging
  6437 | D:7      | Found Opoing's Gadget Shop.
  6449 | D:7      | Found Baigg's Jewellery Shop.
  6686 | D:8      | Found a radiant altar of Vehumet.
  6739 | D:8      | Found a hide-covered altar of Uskayaw.
  6754 | D:8      | Reached XP level 10. HP: 80/80 MP: 17/17
  6918 | D:8      | Found an ancient bone altar of Kikubaaqudgha.
  6979 | D:8      | Reached skill level 5 in Short Blades
  6979 | D:8      | Reached skill level 5 in Long Blades
  6979 | D:8      | Reached skill level 5 in Maces & Flails
  6979 | D:8      | Reached skill level 5 in Polearms
  6979 | D:8      | Reached skill level 5 in Staves
  6979 | D:8      | Reached skill level 5 in Slings
  6979 | D:8      | Reached skill level 5 in Bows
  6979 | D:8      | Reached skill level 5 in Crossbows
  6979 | D:8      | Reached skill level 5 in Throwing
  6979 | D:8      | Reached skill level 5 in Stealth
  6979 | D:8      | Reached skill level 5 in Shields
  6979 | D:8      | Reached skill level 5 in Unarmed Combat
  6979 | D:8      | Reached skill level 5 in Spellcasting
  6979 | D:8      | Reached skill level 5 in Evocations
  7320 | D:9      | Noticed a death yak
  7322 | D:9      | Noticed a death yak
  7329 | D:9      | Noticed a death yak
  7385 | D:8      | Killed a death yak
  7385 | D:8      | Reached ***** piety under Lugonu
  7697 | D:9      | Found a staircase to the Orcish Mines.
  7818 | D:9      | Found a staircase to the Lair.
  8120 | D:9      | Killed a death yak
  8131 | D:9      | HP: 3/82 [death yak (15)]
  8340 | D:9      | Reached XP level 11. HP: 73/87 MP: 19/19
  8569 | Lair:1   | Entered Level 1 of the Lair of Beasts
  8621 | Lair:1   | Reached skill level 6 in Long Blades
  8674 | Lair:1   | Reached skill level 5 in Conjurations
  8674 | Lair:1   | Reached skill level 5 in Hexes
  8674 | Lair:1   | Reached skill level 5 in Summonings
  8674 | Lair:1   | Reached skill level 5 in Necromancy
  8674 | Lair:1   | Reached skill level 5 in Translocations
  8674 | Lair:1   | Reached skill level 5 in Transmutations
  8674 | Lair:1   | Reached skill level 5 in Fire Magic
  8674 | Lair:1   | Reached skill level 5 in Ice Magic
  8674 | Lair:1   | Reached skill level 5 in Air Magic
  8674 | Lair:1   | Reached skill level 5 in Earth Magic
  8674 | Lair:1   | Reached skill level 5 in Poison Magic
  8706 | Lair:1   | You fall into a shaft and drop 1 floor!
  9068 | Lair:2   | Found a transporter.
  9072 | Lair:2   | Noticed Riddle's ghost (journeyman VSFi)
  9072 | Lair:2   | Noticed a moth of wrath
  9084 | Lair:2   | Found a transporter.
  9091 | Lair:2   | Noticed a four-headed hydra
  9097 | Lair:2   | Banished a four-headed hydra
  9175 | Lair:1   | Got a shimmering quarterstaff
  9179 | Lair:1   | Identified the +7 quarterstaff "Anihiff" {vorpal, rElec
                  | rPois rF+ rN+} (You found it on level 1 of the Lair of
                  | Beasts)
  9505 | Lair:1   | Noticed a four-headed hydra
  9508 | Lair:1   | Banished a four-headed hydra
  9800 | Lair:1   | Got an ichor-stained morningstar
  9801 | Lair:1   | Identified the +4 morningstar "Sofown" {flame, rF+ MR+++}
                  | (You found it on level 1 of the Lair of Beasts)
 10261 | Lair:2   | Reached XP level 12. HP: 78/96 MP: 22/22
 10624 | Lair:3   | Found a gate leading to a gauntlet.
 10634 | Gauntlet | Entered a Gauntlet
 10634 | Gauntlet | Found a transporter.
 10634 | Gauntlet | Found a transporter.
 10634 | Gauntlet | Noticed a queen ant
 10638 | Gauntlet | Found a transporter.
 10639 | Gauntlet | Found a transporter.
 10643 | Gauntlet | Noticed a thrashing horror
 10646 | Gauntlet | Noticed a thrashing horror
 10648 | Gauntlet | Found a transporter.
 10649 | Gauntlet | Found the brooch of Shielding {Spirit SH+8}
 10649 | Gauntlet | Found a transporter.
 10654 | Gauntlet | Found a large runed translucent door.
 10655 | Gauntlet | Found a large runed translucent door.
 10656 | Gauntlet | Found a large runed translucent door.
 10657 | Gauntlet | Found a large runed translucent door.
 10657 | Gauntlet | Found a runed translucent gate.
 10658 | Gauntlet | Found a large runed translucent door.
 10658 | Gauntlet | Found a large runed translucent door.
 10658 | Gauntlet | Found a runed translucent door.
 10658 | Gauntlet | Found a transporter.
 10658 | Gauntlet | Found a runed translucent gate.
 10658 | Gauntlet | Found a transporter.
 10659 | Gauntlet | Found a runed translucent gate.
 10659 | Gauntlet | Noticed a dire elephant
 10660 | Gauntlet | Found a large runed translucent door.
 10660 | Gauntlet | Noticed a blizzard demon
 10661 | Gauntlet | Found a large runed translucent door.
 10662 | Gauntlet | Found a large runed translucent door.
 10667 | Gauntlet | Corrupted Gauntlet
 10667 | Gauntlet | Noticed a tentacled starspawn
 10667 | Gauntlet | Noticed a starcursed mass
 10667 | Gauntlet | Noticed an Executioner
 10667 | Gauntlet | Noticed a tentacled starspawn
 10667 | Gauntlet | Noticed a starcursed mass
 10667 | Gauntlet | Noticed a green draconian
 10667 | Gauntlet | Noticed a green very ugly thing
 10667 | Gauntlet | Noticed a rakshasa
 10667 | Gauntlet | Noticed a large abomination
 10668 | Gauntlet | Noticed a lich
 10671 | Gauntlet | Noticed a queen ant
 10672 | Gauntlet | Found a runed translucent door.
 10672 | Gauntlet | Killed a blizzard demon
 10676 | Gauntlet | Found a runed translucent door.
 10751 | Gauntlet | Killed a minotaur
 10780 | Gauntlet | Reached skill level 7 in Long Blades
 10792 | Gauntlet | Killed a queen ant
 10803 | Gauntlet | Found a transporter.
 10863 | Gauntlet | Noticed a reaper
 11332 | Gauntlet | Found a transporter.
 11362 | Gauntlet | Killed a thrashing horror
 11390 | Gauntlet | Killed a thrashing horror
 11394 | Gauntlet | Got a shimmering ivory ring
 11595 | Gauntlet | Identified the cursed ring "Yptuh" {Int+4 Slay-4 Stlth+}
                  | (You found it in a Gauntlet)
 11600 | Gauntlet | Found a runed translucent door.
 11605 | Gauntlet | Found a transporter.
 11607 | Gauntlet | Found a transporter.
 11609 | Gauntlet | Found a large runed translucent door.
 11609 | Gauntlet | Found a large runed translucent door.
 11636 | Gauntlet | Got an ancient ivory amulet
 11648 | Gauntlet | Identified the amulet of Linearity {Inacc Dex+5} (You found
                  | it in a Gauntlet)
 11670 | Gauntlet | Found a transporter.
 12086 | Gauntlet | Found a transporter.
 12110 | Gauntlet | Found a transporter.
 12161 | Gauntlet | Killed a dire elephant
 12161 | Gauntlet | Reached skill level 10 in Fighting
 12166 | Gauntlet | Found a transporter.
 13272 | Gauntlet | HP: 3/97 [reaper/+2 scythe of freezing (12)]
 13279 | Gauntlet | Banished a reaper
 13279 | Gauntlet | Reached skill level 8 in Long Blades
 13867 | Lair:3   | Reached XP level 13. HP: 98/103 MP: 24/24
 14022 | Lair:3   | Reached skill level 10 in Invocations
 14439 | Lair:3   | Found a staircase to the Snake Pit.
 14562 | Lair:3   | Reached skill level 9 in Long Blades
 15599 | Lair:4   | Found a sparkling altar of Nemelex Xobeh.
 15706 | Lair:4   | Got a twisted chain mail
 15734 | Lair:4   | Found a staircase to the Swamp.
 16563 | Lair:4   | You are sucked into a shaft and drop 2 floors!
 16563 | Lair:6   | Entered Level 6 of the Lair of Beasts
 16570 | Lair:6   | Reached skill level 10 in Long Blades
 16582 | Lair:6   | Reached XP level 14. HP: 91/111 MP: 26/26
 16694 | Lair:6   | Reached skill level 10 in Axes
 16694 | Lair:6   | Reached skill level 10 in Armour
 16705 | Lair:6   | Found a runed translucent gate.
 16705 | Lair:6   | Found a runed translucent gate.
 16737 | Lair:6   | Found a runed translucent gate.
 16739 | Lair:6   | Noticed Riddle's ghost (journeyman FoFi)
 16755 | Lair:6   | Found a dark tunnel.
 16760 | Volcano  | Entered a volcano
 17176 | Volcano  | Found a burning altar of Makhleb.
 18222 | Lair:5   | Found a runed translucent door.
 18222 | Lair:5   | Found a viscous altar of Jiyva.
 18223 | Lair:5   | Found a staircase to the Slime Pits.
 18223 | Lair:5   | Noticed an acid blob
 18294 | Lair:5   | Reached skill level 11 in Long Blades
 18552 | Lair:5   | Identified the cursed +1 chain mail of Catatonia {MR- Int+2
                  | Dex+2} (You found it on level 4 of the Lair of Beasts)
 19262 | Lair:6   | Reached skill level 10 in Dodging
 19328 | Lair:5   | Reached XP level 15. HP: 93/119 MP: 28/28
 19789 | Lair:6   | Found a viscous altar of Jiyva.
 20327 | Lair:6   | Reached skill level 10 in Short Blades
 20327 | Lair:6   | Reached skill level 10 in Maces & Flails
 20327 | Lair:6   | Reached skill level 10 in Polearms
 20327 | Lair:6   | Reached skill level 10 in Staves
 20327 | Lair:6   | Reached skill level 10 in Slings
 20327 | Lair:6   | Reached skill level 10 in Bows
 20327 | Lair:6   | Reached skill level 10 in Crossbows
 20327 | Lair:6   | Reached skill level 10 in Throwing
 20327 | Lair:6   | Reached skill level 10 in Stealth
 20327 | Lair:6   | Reached skill level 10 in Shields
 20327 | Lair:6   | Reached skill level 10 in Unarmed Combat
 20327 | Lair:6   | Reached skill level 10 in Spellcasting
 20327 | Lair:6   | Reached skill level 10 in Evocations
 20689 | Lair:6   | Reached skill level 12 in Long Blades
 21388 | D:10     | Entered Level 10 of the Dungeon
 21527 | D:10     | Identified the ring "Fuomun" {rC+ Str+7 Int-5 Dex+2}
 22185 | D:11     | Reached ****** piety under Lugonu
 23060 | D:12     | Found a burning altar of Makhleb.
 23650 | D:13     | Found Dastrolach's Antique Weapon Shoppe.
 23877 | D:13     | Found Weutu's Antique Weapon Boutique.
 23921 | D:13     | Found Laemem's Assorted Antiques.
 24074 | D:13     | Found Liag's General Store.
 24096 | D:13     | Got a transparent war axe
 24097 | D:13     | Identified the +6 war axe of Instinct {vorpal, Str+2} (You
                  | found it on level 13 of the Dungeon)
 24392 | D:13     | Found Bibus's Gadget Shoppe.
 24435 | D:14     | Reached XP level 16. HP: 67/127 MP: 30/30
 24761 | D:14     | Found a gate to the Vaults.
 25216 | D:14     | Found a runed translucent door.
 25216 | D:14     | Noticed RaHiT's ghost (journeyman DsCK)
 25240 | D:14     | Killed RaHiT's ghost
 25430 | D:14     | Reached skill level 13 in Long Blades
 25767 | D:14     | Identified the ring of Benevolence {rElec rF+ Str+6 Int-5
                  | Dex+3}
 25960 | D:15     | Entered Level 15 of the Dungeon
 25993 | D:15     | Found a staircase to the Depths.
 26101 | D:15     | Found a white marble altar of Elyvilon.
 27418 | Orc:1    | Entered Level 1 of the Orcish Mines
 27566 | Orc:2    | Entered Level 2 of the Orcish Mines
 27868 | Orc:2    | Found a staircase to the Elven Halls.
 27983 | Orc:1    | Found Casuts's Armour Shoppe.
 28102 | Orc:1    | Found Voamnimo's Antique Armour Boutique.
 28105 | Orc:1    | Bought a +1 helmet for 161 gold pieces
 28550 | Orc:2    | Found Suoj Ced's Weapon Boutique.
 28550 | Orc:2    | Found Goahaarphe's Weapon Emporium.
 28550 | Orc:2    | Found Acoig's Distillery.
 28603 | Orc:2    | Found Rowung's Book Shop.
 28617 | Orc:2    | Bought a potion of heal wounds for 80 gold pieces
 28617 | Orc:2    | Bought 2 potions of heal wounds for 160 gold pieces
 28617 | Orc:2    | Bought 2 potions of curing for 96 gold pieces
 28617 | Orc:2    | Bought a potion of mutation for 128 gold pieces
 28977 | Snake:1  | Entered Level 1 of the Snake Pit
 29082 | Snake:1  | Reached XP level 17. HP: 135/135 MP: 32/32
 29474 | Snake:1  | Found a frozen archway.
 29483 | IceCv    | Entered an ice cave
 30921 | IceCv    | Reached skill level 14 in Long Blades
 30929 | IceCv    | Killed from afar by a blizzard demon

Illustrated notes

Levels and vault maps discovered:
D:1:      dpeg_arrival_leaves_temple_mockup, layout_loops_ring
D:2:      layout_rooms, nicolae_gozag_cash_rules_everything_around_me,
          lemuel_altar_in_water
D:3:      wad_pebble_path, layout_loops_ring, nicolae_ru_path_of_blood
D:4:      layout_basic, nicolae_overflow_crystal_walls,
          nemelex_xobeh_ov_fountains_minmay, kennysheep_mini_moat,
          lemuel_round_altar, uniq_natasha
D:5:      layout_loops_ring
D:6:      layout_loops_corners, grunt_temple_overflow_forces_of_nature,
          cheibrodos_worm_habitat, nicolae_overflow_hidden_temple,
          okawaru_metal_pillars_3, minmay_temple_entry_statues_pillars,
          serial_shops, nicolae_shop_trees, nicolae_shop_window_shopping,
          fedhas_ov_isle_minmay, uniq_maggie
D:7:      layout_loops_cross, serial_shops, nicolae_shop_crystal, shop,
          nicolae_shop_temple_entry_statues_fountains, shop, serial_park_tiny_2,
          minmay_increasing_density
D:8:      layout_cave_pools, old_standard_altar, overflow_temple_1_default,
          basic_altar, grunt_ministairs_8
D:9:      layout_roguey, dpeg_lair_monsters, zombieorc1_lemuel,
          amethyst_killhole
D:10:     layout_loops_ring, serial_rivers, chequers_serial_rivers_marsh,
          chequers_serial_rivers_micro_b, chequers_serial_rivers_small_b,
          chequers_serial_rivers_micro_b, chequers_serial_rivers_large_b
D:11:     layout_loops_ring
D:12:     layout_gridville, basic_altar
D:13:     layout_big_octagon, serial_shops, nicolae_shop_stone,
          kennysheep_little_box, nicolae_shop_stone, shop, shop
D:14:     layout_long_grid, erik_vaults_1, serial_bayou_pond_a,
          ebering_ghost_reflecting_pool
D:15:     grunt_enter_depths_giant_problem, layout_loops_corners,
          serial_bayou_pond_a, elyvilon_altar_5
Lair:1:   layout_chaotic_city, nicolae_lair_grove_arrangements, wad_woods_06,
          nicolae_quartered_pool_little, roderic_batcave
Lair:2:   layout_regular_city, gammafunk_ghost_berserking_beasts,
          serial_bayou_shore_b
Lair:3:   hangedman_what_comes_after_a, layout_misc_corridors,
          dummy_snake_entry, special_room [special_room_bee],
          gauntlet_entry_generic, serial_bayou_shore_b, grunt_megastairs_5
Lair:4:   layout_cellular_growth, skrybe_swamp_entry_bodies, basic_altar,
          grunt_megastairs_1, lemuel_fruit_tree
Lair:5:   layout_regular_city, slime_altar_2, grunt_megastairs_2
Lair:6:   minmay_lair_end_frog_pond, layout_regular_city, gammafunk_ghost_ooze,
          enter_volcano_4
Snake:1:  layout_gridlike, portal_ice_cave_entry_horrid_things,
          serial_bayou_pond_a, st_stairs_5
Orc:1:    layout_caves, serial_shops, shop, shop
Orc:2:    st_orc_rangers, layout_caves
IceCv:    ice_cave_caverns_02

Skill      XL: |  1  2  3  4  5  6  7  8  9 10 11 12 13 14 15 16 17 |
---------------+----------------------------------------------------+-----
Short Blades   | 1 2 3 4 5 6 7 8 9 10 11 | 11.4
Long Blades    | 1 2 3 4 5 6 8 10 11 12 13 14 | 14.0
Maces & Flails | 1 2 3 4 5 6 7 8 9 10 11 | 11.4
Polearms       | 1 2 3 4 5 6 7 8 9 10 11 | 11.4
Staves         | 1 2 3 4 5 6 7 8 9 10 11 | 11.4
Slings         | 1 2 3 4 5 6 7 8 9 10 11 | 11.4
Bows           | 1 2 3 4 5 6 7 8 9 10 11 | 11.4
Crossbows      | 1 2 3 4 5 6 7 8 9 10 11 | 11.4
Throwing       | 1 2 3 4 5 6 7 8 9 10 11 | 11.4
Stealth        | 1 2 3 4 5 6 7 8 9 10 11 | 11.4
Shields        | 1 2 3 4 5 6 7 8 9 10 11 | 11.4
Unarmed Combat | 1 2 3 4 5 6 7 8 9 10 11 | 11.4
Spellcasting   | 1 2 3 4 5 6 7 8 9 10 11 | 11.4
Evocations     | 1 2 3 4 5 6 7 8 9 10 11 | 11.4
Dodging        | 3 4 5 6 7 8 9 10 11 | 11.6
Conjurations   | 1 2 3 4 5 6 7 8 9 |  9.7
Hexes          | 1 2 3 4 5 6 7 8 9 |  9.7
Summonings     | 1 2 3 4 5 6 7 8 9 |  9.7
Necromancy     | 1 2 3 4 5 6 7 8 9 |  9.7
Translocations | 1 2 3 4 5 6 7 8 9 |  9.7
Transmutations | 1 2 3 4 5 6 7 8 9 |  9.7
Fire Magic     | 1 2 3 4 5 6 7 8 9 |  9.7
Ice Magic      | 1 2 3 4 5 6 7 8 9 |  9.7
Air Magic      | 1 2 3 4 5 6 7 8 9 |  9.7
Earth Magic    | 1 2 3 4 5 6 7 8 9 |  9.7
Poison Magic   | 1 2 3 4 5 6 7 8 9 |  9.7
Invocations    | 5 6 7 8 9 10 11 12 13 | 13.0
Axes           | 5 6 7 8 9 10 11 12 | 12.1
Armour         | 5 6 7 8 9 10 11 12 | 12.1
Fighting       | 7 8 9 10 11 12 | 12.9

Action                   |  1- 3 |  4- 6 |  7- 9 | 10-12 | 13-15 | 16-18 || total
-------------------------+-------+-------+-------+-------+-------+-------++-------
Melee: Hand axe          |    94 |    92 |       |       |       |       ||   186
       Bite              |    11 |    12 |    31 |    97 |   176 |   147 ||   474
       Punch             |       |     1 |     4 |     2 |       |       ||     7
       War axe           |       |    15 |   334 |   635 |  1148 |   676 ||  2808
       Morningstar       |       |       |       |    16 |       |       ||    16
       Broad axe         |       |       |       |       |    22 |       ||    22
Throw: Dart              |       |     3 |    21 |    24 |    27 |       ||    75
Invok: Depart the Abyss  |     1 |       |       |       |       |       ||     1
       Banish            |       |       |       |    11 |    19 |       ||    30
       Bend Space        |       |       |       |     2 |     1 |       ||     3
       Corrupt           |       |       |       |     1 |       |       ||     1
  Use: Scroll            |       |     9 |     7 |    12 |    16 |     7 ||    51
       Potion            |       |     1 |     3 |     5 |     1 |       ||    10
 Stab: Petrified         |       |       |       |       |     3 |       ||     3
       Distracted        |       |       |       |       |     1 |       ||     1
Armor: Ring mail         |    33 |       |       |       |       |       ||    33
       Crystal plate arm |    60 |   124 |   296 |   477 |   841 |   242 ||  2040
Dodge: Dodged            |    44 |    31 |   107 |   356 |   758 |   264 ||  1560
Block: Buckler           |       |       |       |   239 |   928 |     8 ||  1175
       Reflection        |       |       |       |       |    17 |   102 ||   119
       Kite shield       |       |       |       |       |       |   734 ||   734

Table legend: (Time is in decaauts)
 A = Elapsed time spent in this place.
 B = Non-inter-level travel time spent in this place.
 C = Inter-level travel time spent in this place.
 D = Time resting spent in this place.
 E = Time spent auto-exploring this place.
 F = Levels seen in this place.
 G = Mean time per level.
                   A        B        C        D        E       F      G
               +--------+--------+--------+--------+--------+-----+--------+
         Total |  31051 |  29956 |   1095 |   6548 |  15516 |  30 | 1035.0 |
       Dungeon |  14623 |  14053 |    570 |   1551 |   9133 |  15 |  974.9 |
          Lair |   9334 |   8967 |    367 |   1875 |   4949 |   6 | 1555.7 |
     Snake Pit |    502 |    428 |     74 |     23 |    197 |   1 |  502.0 |
  Orcish Mines |   1438 |   1355 |     83 |    122 |    805 |   2 |  719.0 |
         Abyss |    133 |    133 |      0 |      0 |     68 |   3 |   44.3 |
      Ice Cave |   1436 |   1436 |      0 |    900 |    224 |   1 | 1436.0 |
       Volcano |    451 |    451 |      0 |    164 |    107 |   1 |  451.0 |
      Gauntlet |   3132 |   3132 |      0 |   1913 |     33 |   1 | 3132.0 |
               +--------+--------+--------+--------+--------+-----+--------+

Top non-repeatable levels by time:
Gauntlet: 3132 daAuts
  Lair:6: 2299 daAuts
  Lair:5: 1956 daAuts
  Lair:3: 1935 daAuts
   IceCv: 1436 daAuts
    D:14: 1341 daAuts
    D:15: 1334 daAuts
     D:9: 1265 daAuts
     D:6: 1263 daAuts
     D:4: 1203 daAuts
  Lair:2: 1192 daAuts
     D:7: 1044 daAuts
    D:13: 1007 daAuts
  Lair:4: 977 daAuts
  Lair:1: 973 daAuts
